AoeStats
← Hypoli

Pilgrims

510260934Analyzed
4v4 RM · 2d ago on Sep 30, 2026· 21m 38s· 8 players
Game mode
Random Map
Map size
Large (8 player)
Population
200
Speed
Normal
Resources
Standard
Victory
Conquest
Starting age
Dark Age
Ending age
Imperial Age
RankedLock teamsTeams togetherTeam positionsShared explorationLock speedFull tech treeHidden civsTurbo modeCheats
Victory
Defeat
🇳🇿 Danes · New Zealand
1167
+13
🇫🇷 Italians · France
1150
+14
🇨🇳 Huns · China
1143
+14
🇪🇨 Japanese · Ecuador
1041
+17
🇩🇪 Mongols · Germany
1115
-15
🇪🇸 Byzantines · Spain
1111
-15
🇹🇼 Chinese · Taiwan
1106
-15
🇬🇧 Chinese · United Kingdom
1057
-13
3345678
12:09 Feudal Age
14:26 Gold Mining
14:39 Double-Bit Axe
17:27 Fishing Lines
DeusMaximus263
10:43 Feudal Age
12:09 Loom
16:03 Castle Age
14:23 Double-Bit Axe
16:06 Horse Collar
17:18 Wheelbarrow
18:48 Fletching
20:47 Bodkin Arrow
Pr8feSS8r
8:47 Loom
fifox58
3:31 Loom
10:52 Feudal Age
12:44 Wheelbarrow
15:33 Castle Age
13:30 Double-Bit Axe
13:36 Horse Collar
14:36 Stone Mining
19:42 Bow Saw
20:07 Gold Mining
22:48 Gold Shaft Mining
DF.FISH
8:14 Loom
12:48 Feudal Age
17:55 Castle Age
17:03 Double-Bit Axe
20:24 Wheelbarrow
21:32 Horse Collar
22:04 Bow Saw
Hypoli
10:10 Loom
12:53 Feudal Age
14:43 Double-Bit Axe
22:58 Castle Age
Lordcreos
10:57 Feudal Age
16:25 Castle Age
14:22 Fishing Lines
14:46 Double-Bit Axe
15:57 Stone Mining
16:00 Gold Mining
18:11 Wheelbarrow
17:22 Loom
18:22 Gillnets
Denoxs
13:31 Feudal Age
14:59 Double-Bit Axe
18:20 Fishing Lines
21:30 Castle Age
Connection lost

Rejoining the realm…

Still unreachable

The connection could not be restored.

Session expired

The server has moved on; the page needs a fresh start.